| TOP OF THE 1ST |
|
Memphis Redbirds batting - Pitching for Albuquerque Isotopes : RHP Alberto Pickett
|
|
Pitching: RHP Alberto Pickett
|
|
|
Batting: LHB Tsutomu Miyahara
|
0-0: Called Strike 0-1: Ground out 3-1 (Groundball, 34S, EV 91.2 MPH)
|
|
Batting: LHB Adam Eisen
|
0-0: Fly out, F6 (Popup, 6M, EV 80.0 MPH)
|
|
Batting: RHB Andres Mendiola
|
0-0: Ball 1-0: SINGLE (Flyball, 89S, EV 92.5 MPH)
|
|
Batting: LHB Sam Britt
|
0-0: Called Strike 0-1: Swinging Strike 0-2: Ball 1-2: Ball 2-2: Foul Ball, location: 2F 2-2: Strikes out swinging
|
| Top of the 1st over - 0 runs, 1 hit, 0 errors, 1 left on base; Memphis 0 - Albuquerque 0 |
| BOTTOM OF THE 1ST |
|
Albuquerque Isotopes batting - Pitching for Memphis Redbirds : RHP Paul Schwartz
|
|
Pitching: RHP Paul Schwartz
|
|
|
Batting: RHB Logan Morgan
|
0-0: Called Strike 0-1: Called Strike 0-2: Strikes out looking
|
|
Batting: SHB Jamel Wright
|
0-0: Called Strike 0-1: Foul Ball, location: 2F 0-2: Ball 1-2: Ball 2-2: Ground out 4-3 (Groundball, 4, EV 86.9 MPH)
|
|
Batting: RHB Adrian Rudkilde
|
0-0: Ball 1-0: Foul Ball, location: 2F 1-1: Reached on error, E6 (Groundball, 6M, EV 103.8 MPH)
|
|
Batting: RHB Chris King
|
0-0: Ball 1-0: Ball 2-0: Ground out 5-3 (Groundball, 5S, EV 88.1 MPH)
|
| Bottom of the 1st over - 0 runs, 0 hits, 1 error, 1 left on base; Memphis 0 - Albuquerque 0 |
| TOP OF THE 2ND |
|
Memphis Redbirds batting - Pitching for Albuquerque Isotopes : RHP Alberto Pickett
|
|
Batting: RHB Klaas Meij
|
0-0: Ball 1-0: Ball 2-0: Called Strike 2-1: Ball 3-1: Base on Balls
|
|
Batting: RHB Joe Alley
|
0-0: Fly out, F8 (Flyball, 8RD, EV 93.1 MPH)
|
|
Batting: RHB Fabrice Bertin
|
0-0: Foul Ball, location: 2F 0-1: Swinging Strike 0-2: Foul Ball, location: 2F 0-2: Ball 1-2: Foul Ball, location: 2F 1-2: Fielders Choice at 2nd, 3-6 (Groundball, 3, EV 88.8 MPH)
|
|
Batting: RHB Dan Boykins
|
Pickoff Throw to First - Out! 1-3
|
| Top of the 2nd over - 0 runs, 0 hits, 0 errors, 0 left on base; Memphis 0 - Albuquerque 0 |
| BOTTOM OF THE 2ND |
|
Albuquerque Isotopes batting - Pitching for Memphis Redbirds : RHP Paul Schwartz
|
|
Batting: SHB D.J. Codd
|
0-0: Fly out, F5 (Flyball, 5D, EV 90.6 MPH)
|
|
Batting: RHB Herb McIntyre
|
0-0: Ball 1-0: Ball 2-0: Ball 3-0: Base on Balls
|
|
Batting: RHB Jerry Sanchez
|
0-0: DOUBLE (Groundball, 5L, EV 103.1 MPH) Herb McIntyre to third
|
|
Batting: RHB Vinny Estrada
|
0-0: Foul Ball, location: 2F 0-1: Called Strike 0-2: Foul Ball, location: 2F 0-2: Strikes out swinging
|
|
Batting: RHB Brian Landrum
|
0-0: Ball 1-0: Called Strike 1-1: Ground out 6-3 (Groundball, 6, EV 85.6 MPH)
|
| Bottom of the 2nd over - 0 runs, 1 hit, 0 errors, 2 left on base; Memphis 0 - Albuquerque 0 |
| TOP OF THE 3RD |
|
Memphis Redbirds batting - Pitching for Albuquerque Isotopes : RHP Alberto Pickett
|
|
Batting: RHB Dan Boykins
|
0-0: Foul Ball, location: 2F 0-1: Ball 1-1: Swinging Strike 1-2: Foul Ball, location: 2F 1-2: SINGLE (Flyball, 7S, EV 91.9 MPH)
|
|
Batting: RHB Josh Martin
|
0-0: Called Strike 0-1: Foul Ball, location: 2F 0-2: Foul Ball, location: 2F 0-2: Ball 1-2: SINGLE (Groundball, 6MD, EV 99.4 MPH) Dan Boykins to second
|
|
Batting: LHB Tsutomu Miyahara
|
0-0: Ball 1-0: SINGLE (Line Drive, 56D, EV 99.4 MPH) Dan Boykins to third Josh Martin to second
|
|
Batting: LHB Adam Eisen
|
0-0: Called Strike 0-1: Ball 1-1: SINGLE (Groundball, 56S, EV 68.8 MPH) (infield hit) Dan Boykins scores Josh Martin to third Tsutomu Miyahara to second
|
|
Batting: RHB Andres Mendiola
|
0-0: Fly out, F8 (Flyball, 8RD, EV 101.9 MPH) Runner from 3rd tags up, SCORES, no throw by CF
|
|
Batting: LHB Sam Britt
|
0-0: Ball 1-0: Ball 2-0: Swinging Strike 2-1: Ball 3-1: Called Strike 3-2: Base on Balls Tsutomu Miyahara to third Adam Eisen to second
|
|
Batting: RHB Klaas Meij
|
0-0: Foul Ball, location: 2F 0-1: Foul Ball, location: 2F 0-2: Foul Ball, location: 2F 0-2: Fly out, F7 (Flyball, 7LD, EV 88.8 MPH) Runner from 3rd tags up, SCORES, no throw by LF Adam Eisen to third
|
|
Batting: RHB Joe Alley
|
0-0: Called Strike 0-1: Called Strike 0-2: Ball 1-2: Strikes out swinging
|
| Top of the 3rd over - 3 runs, 4 hits, 0 errors, 2 left on base; Memphis 3 - Albuquerque 0 |
| BOTTOM OF THE 3RD |
|
Albuquerque Isotopes batting - Pitching for Memphis Redbirds : RHP Paul Schwartz
|
|
Batting: RHB Logan Morgan
|
0-0: Ground out 6-3 (Groundball, 6, EV 101.9 MPH)
|
|
Batting: SHB Jamel Wright
|
0-0: Ball 1-0: Ball 2-0: Called Strike 2-1: Foul Ball, location: 2F 2-2: Foul Ball, location: 2F 2-2: Foul Ball, location: 2F 2-2: Foul Ball, location: 2F 2-2: Strikes out swinging
|
|
Batting: RHB Adrian Rudkilde
|
0-0: Called Strike 0-1: Called Strike 0-2: Ball 1-2: Foul Ball, location: 2F 1-2: Ball 2-2: Ball 3-2: Ground out 5-3 (Groundball, 56S, EV 71.9 MPH)
|
| Bottom of the 3rd over - 0 runs, 0 hits, 0 errors, 0 left on base; Memphis 3 - Albuquerque 0 |
| TOP OF THE 4TH |
|
Memphis Redbirds batting - Pitching for Albuquerque Isotopes : RHP Alberto Pickett
|
|
Batting: RHB Fabrice Bertin
|
0-0: Ground out 4-3 (Groundball, 4, EV 98.1 MPH)
|
|
Batting: RHB Dan Boykins
|
0-0: Ball 1-0: Foul Ball, location: 2F 1-1: Ball 2-1: Foul Ball, location: 2F 2-2: Strikes out swinging
|
|
Batting: RHB Josh Martin
|
0-0: Ball 1-0: Ball 2-0: Foul Ball, location: 2F 2-1: SOLO HOME RUN (Flyball, 7LD, EV 96.9 MPH), Distance : 349 ft
|
|
Batting: LHB Tsutomu Miyahara
|
0-0: Ball 1-0: Ball 2-0: TRIPLE (Flyball, 8LXD, EV 101.9 MPH)
|
|
Batting: LHB Adam Eisen
|
0-0: Foul Ball, location: 2F 0-1: Ground out 4-3 (Groundball, 4M, EV 104.4 MPH)
|
| Top of the 4th over - 1 run, 2 hits, 0 errors, 1 left on base; Memphis 4 - Albuquerque 0 |
| BOTTOM OF THE 4TH |
|
Albuquerque Isotopes batting - Pitching for Memphis Redbirds : RHP Paul Schwartz
|
|
Batting: RHB Chris King
|
0-0: Foul Ball, location: 2F 0-1: Swinging Strike 0-2: Ground out 6-3 (Groundball, 6, EV 87.5 MPH)
|
|
Batting: SHB D.J. Codd
|
0-0: Called Strike 0-1: Ground out 3-1 (Groundball, 34, EV 104.4 MPH)
|
|
Batting: RHB Herb McIntyre
|
0-0: Ball 1-0: Ball 2-0: SINGLE (Groundball, 6D, EV 107.5 MPH)
|
|
Batting: RHB Jerry Sanchez
|
0-0: Swinging Strike 0-1: Foul Ball, location: 2F 0-2: Foul Ball, location: 2F 0-2: Strikes out swinging
|
| Bottom of the 4th over - 0 runs, 1 hit, 0 errors, 1 left on base; Memphis 4 - Albuquerque 0 |
| TOP OF THE 5TH |
|
Memphis Redbirds batting - Pitching for Albuquerque Isotopes : RHP Alberto Pickett
|
|
Batting: RHB Andres Mendiola
|
0-0: Ball 1-0: Foul Ball, location: 2F 1-1: Ball 2-1: Swinging Strike 2-2: Fly out, F9 (Line Drive, 9S, EV 105.6 MPH)
|
|
Batting: LHB Sam Britt
|
0-0: Ground out 4-3 (Groundball, 34D, EV 95.0 MPH)
|
|
Batting: RHB Klaas Meij
|
0-0: Called Strike 0-1: Ball 1-1: Foul Ball, location: 2F 1-2: Ball 2-2: Foul Ball, location: 2F 2-2: SINGLE (Line Drive, 8RS, EV 85.6 MPH)
|
|
Batting: RHB Joe Alley
|
0-0: DOUBLE (Line Drive, 9LS, EV 115.0 MPH) Klaas Meij to third Runner from 3rd tries for Home, SAFE, throw by RF to home
|
|
Pitching: RHP Sal Contreras
|
|
|
Batting: RHB Fabrice Bertin
|
0-0: Called Strike 0-1: Fly out, F6 (Line Drive, 6, EV 70.6 MPH)
|
| Top of the 5th over - 1 run, 2 hits, 0 errors, 1 left on base; Memphis 5 - Albuquerque 0 |
| BOTTOM OF THE 5TH |
|
Albuquerque Isotopes batting - Pitching for Memphis Redbirds : RHP Paul Schwartz
|
|
Batting: RHB Vinny Estrada
|
0-0: Ground out 6-3 (Groundball, 6, EV 88.1 MPH)
|
|
Batting: RHB Brian Landrum
|
0-0: Ball 1-0: Called Strike 1-1: Foul Ball, location: 2F 1-2: Ball 2-2: Ball 3-2: Fly out, F8 (Flyball, 8LD, EV 97.5 MPH)
|
|
Batting: RHB Logan Morgan
|
0-0: Ball 1-0: Foul Ball, location: 2F 1-1: Ground out 1-3 (Groundball, 13, EV 63.8 MPH)
|
| Bottom of the 5th over - 0 runs, 0 hits, 0 errors, 0 left on base; Memphis 5 - Albuquerque 0 |
| TOP OF THE 6TH |
|
Memphis Redbirds batting - Pitching for Albuquerque Isotopes : RHP Sal Contreras
|
|
Batting: RHB Dan Boykins
|
0-0: Ball 1-0: Called Strike 1-1: Ball 2-1: Foul Ball, location: 2F 2-2: Strikes out swinging
|
|
Batting: RHB Josh Martin
|
0-0: Called Strike 0-1: Foul Ball, location: 2F 0-2: Ball 1-2: Ball 2-2: Ball 3-2: SINGLE (Groundball, 6MD, EV 107.5 MPH)
|
|
Batting: LHB Tsutomu Miyahara
|
0-0: Ball 1-0: Grounds into double play, 4-6-3 (Groundball, 4, EV 107.5 MPH)
|
| Top of the 6th over - 0 runs, 1 hit, 0 errors, 0 left on base; Memphis 5 - Albuquerque 0 |
| BOTTOM OF THE 6TH |
|
Albuquerque Isotopes batting - Pitching for Memphis Redbirds : RHP Paul Schwartz
|
|
Batting: SHB Jamel Wright
|
0-0: Called Strike 0-1: Fly out, F9 (Flyball, 89M, EV 93.1 MPH)
|
|
Batting: RHB Adrian Rudkilde
|
0-0: Ball 1-0: Ball 2-0: SINGLE (Groundball, 56S, EV 66.9 MPH) (infield hit)
|
|
Batting: RHB Chris King
|
0-0: Called Strike 0-1: Ball 1-1: Called Strike 1-2: DOUBLE (Line Drive, 89XD, EV 98.8 MPH) Adrian Rudkilde to third
|
|
Batting: SHB D.J. Codd
|
0-0: Ball Passed Ball! Adrian Rudkilde scores Chris King to third 1-0: Swinging Strike 1-1: Fly out, F8 (Line Drive, 8RM, EV 90.6 MPH)
|
|
Batting: RHB Herb McIntyre
|
0-0: Called Strike 0-1: Called Strike 0-2: Strikes out looking
|
| Bottom of the 6th over - 1 run, 2 hits, 0 errors, 1 left on base; Memphis 5 - Albuquerque 1 |
| TOP OF THE 7TH |
|
Memphis Redbirds batting - Pitching for Albuquerque Isotopes : RHP Sal Contreras
|
|
Batting: LHB Adam Eisen
|
0-0: Ground out 6-3 (Groundball, 6S, EV 84.4 MPH)
|
|
Batting: RHB Andres Mendiola
|
0-0: Ball 1-0: Called Strike 1-1: Foul Ball, location: 2F 1-2: Strikes out swinging
|
|
Batting: LHB Sam Britt
|
0-0: Ball 1-0: Ball 2-0: Called Strike 2-1: Foul Ball, location: 2F 2-2: Ball 3-2: Ground out U3 (Groundball, 34, EV 84.4 MPH)
|
| Top of the 7th over - 0 runs, 0 hits, 0 errors, 0 left on base; Memphis 5 - Albuquerque 1 |
| BOTTOM OF THE 7TH |
|
Albuquerque Isotopes batting - Pitching for Memphis Redbirds : RHP Paul Schwartz
|
|
Batting: RHB Jerry Sanchez
|
0-0: Foul Ball, location: 2F 0-1: Fly out, F5 (Popup, 5S, EV 86.9 MPH)
|
|
Batting: RHB Vinny Estrada
|
0-0: Ground out 4-3 (Groundball, 4, EV 91.9 MPH)
|
|
Batting: RHB Brian Landrum
|
0-0: Ball 1-0: Swinging Strike 1-1: Fly out, F4 (Line Drive, 4, EV 67.5 MPH)
|
| Bottom of the 7th over - 0 runs, 0 hits, 0 errors, 0 left on base; Memphis 5 - Albuquerque 1 |
| TOP OF THE 8TH |
|
Memphis Redbirds batting - Pitching for Albuquerque Isotopes : RHP Sal Contreras
|
|
Pitching: LHP Matt Wojtkiewicz
|
|
|
Batting: RHB Klaas Meij
|
0-0: Swinging Strike 0-1: Ball 1-1: SINGLE (Groundball, 56D, EV 96.2 MPH)
|
|
Batting: RHB Joe Alley
|
0-0: Called Strike Klaas Meij steals 2nd base 0-1: Called Strike 0-2: Ball 1-2: Ground out 5-3 (Groundball, 56S, EV 86.2 MPH)
|
|
Batting: RHB Fabrice Bertin
|
0-0: Foul Ball, location: 2F 0-1: Fly out, F8 (Flyball, 8RD, EV 98.8 MPH)
|
|
Batting: RHB Dan Boykins
|
0-0: Ball Wild Pitch! Klaas Meij to third 1-0: Ball 2-0: Called Strike 2-1: SINGLE (Line Drive, 6D, EV 96.9 MPH) Klaas Meij scores
|
|
Batting: RHB Josh Martin
|
0-0: Ball 1-0: Swinging Strike 1-1: Foul Ball, location: 2F 1-2: Ball 2-2: Ball 3-2: Foul Ball, location: 2F 3-2: Base on Balls Dan Boykins to second
|
|
Batting: LHB Tsutomu Miyahara
|
0-0: Called Strike 0-1: Ball 1-1: Ball 2-1: Ball 3-1: Fly out, F9 (Flyball, 9LS, EV 96.9 MPH)
|
| Top of the 8th over - 1 run, 2 hits, 0 errors, 2 left on base; Memphis 6 - Albuquerque 1 |
| BOTTOM OF THE 8TH |
|
Albuquerque Isotopes batting - Pitching for Memphis Redbirds : RHP Paul Schwartz
|
|
Batting: RHB Logan Morgan
|
0-0: Fly out, F7 (Flyball, 7S, EV 87.5 MPH)
|
|
Batting: SHB Jamel Wright
|
0-0: Ball 1-0: Swinging Strike 1-1: Fly out, F7 (Flyball, 7LS, EV 86.2 MPH)
|
|
Batting: RHB Adrian Rudkilde
|
0-0: Ball 1-0: Called Strike 1-1: Ball 2-1: Foul Ball, location: 2F 2-2: Ball 3-2: Ground out 1-3 (Groundball, 34S, EV 68.1 MPH)
|
| Bottom of the 8th over - 0 runs, 0 hits, 0 errors, 0 left on base; Memphis 6 - Albuquerque 1 |
| TOP OF THE 9TH |
|
Memphis Redbirds batting - Pitching for Albuquerque Isotopes : LHP Matt Wojtkiewicz
|
|
Batting: LHB Adam Eisen
|
0-0: Foul Ball, location: 2F 0-1: Ball 1-1: Called Strike 1-2: Single, Error in OF, E8, batter to second base (Line Drive, 4M, EV 103.8 MPH)
|
|
Batting: RHB Andres Mendiola
|
0-0: Ball 1-0: Ball 2-0: Foul Ball, location: 2F 2-1: Ball 3-1: Swinging Strike 3-2: Strikes out swinging
|
|
Batting: LHB Sam Britt
|
0-0: Called Strike 0-1: Ball 1-1: Foul Ball, location: 2F 1-2: Ball 2-2: Ball 3-2: Base on Balls
|
|
Pitching: RHP Justin Judson
|
|
|
Batting: RHB Klaas Meij
|
0-0: Foul Ball, location: 2F 0-1: Ball 1-1: Foul Ball, location: 2F 1-2: Grounds into double play, 6-4-3 (Groundball, 6, EV 79.4 MPH)
|
| Top of the 9th over - 0 runs, 1 hit, 1 error, 1 left on base; Memphis 6 - Albuquerque 1 |
| BOTTOM OF THE 9TH |
|
Albuquerque Isotopes batting - Pitching for Memphis Redbirds : RHP Paul Schwartz
|
|
Batting: RHB Chris King
|
0-0: Ball 1-0: Swinging Strike 1-1: Ball 2-1: Foul Ball, location: 2F 2-2: Foul Ball, location: 2F 2-2: Strikes out swinging
|
|
Batting: SHB D.J. Codd
|
0-0: Foul Ball, location: 2F 0-1: Called Strike 0-2: Ground out 3-1 (Groundball, 34, EV 91.9 MPH)
|
|
Batting: RHB Herb McIntyre
|
0-0: Called Strike 0-1: Called Strike 0-2: Ball 1-2: Ball 2-2: Ground out 5-3 (Groundball, 56S, EV 68.8 MPH)
|
| Bottom of the 9th over - 0 runs, 0 hits, 0 errors, 0 left on base; Memphis 6 - Albuquerque 1 |
|